 Dungeon Crawl Stone Soup version 0.30.0-5-g1a98f26d00 (webtiles) character file.

Game seed: 8653049353449925288

26 sampeng1 the Chiller (level 3, 0/24 HPs)
             Began as a Human Ice Elementalist on May 11, 2023.
             Slain by a kobold
             ... wielding a +2 short sword of venom
              (1 damage)
             ... on level 1 of the Dungeon.
             The game lasted 00:03:07 (392 turns).

sampeng1 the Chiller (Human Ice Elementalist)        Turns: 392, Time: 00:03:07

Health: 0/24       AC:  2    Str:  8    XL:     3   Next: 22%
Magic:  0/6        EV: 12    Int: 17    God:
Gold:   34         SH:  0    Dex: 13    Spells: 5/6 levels left

rFire   . . .        d - +0 dagger
rCold   . . .        (no shield)
rNeg    . . .        a - +0 robe
rPois   .            (no helmet)
rElec   .            (no cloak)
rCorr   .            (no gloves)
SInv    .            (no boots)
Will    .....        (no amulet)
Stlth   ++           (no ring)
HPRegen 0.24/turn    (no ring)
MPRegen 0.10/turn

%: no passive effects
@: lethally poisoned (0 -> -10)
A: no striking features
a: no special abilities


You were on level 1 of the Dungeon.
You visited 1 branch of the dungeon, and saw 1 of its levels.

You collected 34 gold pieces.

Inventory:

Hand Weapons
 c - a +2 spear of flaming
 d - a +0 dagger (weapon)
Armour
 a - a +0 robe (worn)
Scrolls
 e - a scroll of identify {unknown}
Potions
 b - a potion of magic


   Skills:
 + Level 2.4 Dodging
 + Level 2.4 Stealth
 + Level 2.3 Spellcasting
 + Level 4.2 Ice Magic


You had 5 spell levels left.
You knew the following spells:

 Your Spells              Type           Power      Damage    Failure   Level
a - Freeze                Ice            64%        1d7       3%          1

Your spell library contained the following spells:

 Spells                   Type           Power      Damage    Failure   Level
 Frozen Ramparts          Ice            32%        1d5       10%         3
 Ozocubu's Armour         Ice            16%        N/A       10%         3
 Summon Ice Beast         Ice/Summ       9%         N/A       61%         4


Dungeon Overview and Level Annotations

Branches:
Dungeon (1/15)

Altars:


Message History

You closely miss the rat. The rat closely misses you.
You hit the rat but do no damage. The rat barely misses you.
You closely miss the rat. The rat barely misses you.
You hit the rat.
The rat is severely wounded.
The rat bites you.
* * * LOW HITPOINT WARNING * * *
Casting: Freeze (safe; 3% risk of failure)
Confirm with . or Enter, or press ? or * to list all spells.
Aiming: Freeze (safe; 3% risk of failure)
Press: ? - help, Shift-Dir - straight line, f - rat
Aim: a rat (severely wounded)
You freeze the rat!
You kill the rat!
Casting: Freeze (safe; 3% risk of failure)
Confirm with . or Enter, or press ? or * to list all spells.
You don't know that spell.
The kobold attacks as you move away! The kobold barely misses you.
Casting: Freeze (safe; 3% risk of failure)
Confirm with . or Enter, or press ? or * to list all spells.
Aiming: Freeze (safe; 3% risk of failure)
Press: ? - help, Shift-Dir - straight line, f - kobold
Aim: a kobold, wielding a +2 short sword of venom and quivering stones You freeze the kobold.
The kobold is moderately wounded.
The kobold hits you with a +2 short sword of venom.
You are poisoned.
You miss the kobold.
The kobold is moderately wounded.
* * * LOW HITPOINT WARNING * * *
You feel sick.
The kobold hits you with a +2 short sword of venom.
* * * LOW HITPOINT WARNING * * *
You are more poisoned.
You closely miss the kobold.
The kobold is moderately wounded.
* * * LOW HITPOINT WARNING * * *
You feel very sick.
The kobold hits you with a +2 short sword of venom.
You die...

#......###..#
#...# #........#
#.#.. ##.####..##.
.#.... #†#
.#..#... #)# ...
#... #.# .. .>#...
#.# .# #.#... #K#
#####.# #.#...
#@###)....###.....
#.....#...........
#######.####..#)##
#.# #..#.## #.#
##..#.## #.#
#....... #.#
#.#.##.8 #.#
#.#....# #.#
#.#....#


You could see a kobold.

Vanquished Creatures
  2 dart slugs (D:1)
  2 ball pythons (D:1)
  2 endoplasms (D:1)
  4 goblins (D:1)
  3 hobgoblins (D:1)
  A quokka (D:1)
  3 kobolds (D:1)
  2 rats (D:1)
19 creatures vanquished.

Notes
Turn   | Place    | Note
-------+----------+-------------------------------------------
     0 | D:1      | sampeng1 the Human Ice Elementalist began the quest for the
                  | Orb.
     0 | D:1      | Reached XP level 1. HP: 13/13 MP: 3/3
    81 | D:1      | Reached XP level 2. HP: 5/19 MP: 0/5
   279 | D:1      | Found a faded altar of an unknown god.
   367 | D:1      | Reached XP level 3. HP: 15/24 MP: 2/6
   392 | D:1      | HP: 1/24 [poisoned by a kobold]
   392 | D:1      | Slain by a kobold

Illustrated notes

Levels and vault maps discovered:
D:1:      scummos_arrival_forest, layout_loops_ring,
          dreamdust_ecumenical_altar_angels_and_demons, serial_forest,
          infiniplex_forest_straight_3, infiniplex_forest_straight_4,
          infiniplex_forest_straight_1, infiniplex_forest_lined_3,
          infiniplex_forest_lined_room_2, minmay_three_crescents

Action                     || total
---------------------------++-------
  Melee: Dagger            ||    45
   Cast: Freeze            ||    17
 Armour: Robe              ||     5
  Dodge: Dodged            ||    37
